 Dungeon Crawl Stone Soup version 0.31-a0-174-g85c54bcb58 (webtiles) character file.

Game seed: 787530532043705467

17990 Shym the Warrior (level 12, -8/125 HPs)
             Began as a Hill Orc Monk on June 15, 2023.
             Was a High Priest of Beogh (penitent).
             Mangled by Ortolf the orc knight
             ... wielding a +6 spear of venom
              (17 damage)
             ... on level 11 of the Dungeon.
             The game lasted 01:01:41 (13104 turns).

Shym the Warrior (Hill Orc Monk)                   Turns: 13104, Time: 01:01:43

Health: -8/125     AC:  7    Str: 21    XL:     12   Next: 53%
Magic:  8/16       EV: 12    Int: 10    God:    Beogh [*****.]
Gold:   691        SH: 12    Dex: 22    Spells: 11/11 levels left

rFire   + . .        y - +0 war axe (heavy)
rCold   . . .        Y - +0 kite shield
rNeg    . . .        z - +3 leather armour {rF+}
rPois   .            (no helmet)
rElec   .            x - scarf {+Inv}
rCorr   +            u - +0 pair of gloves
SInv    .            (no boots)
Will    +....        N - amulet of regeneration
Stlth   ++           k - +6 ring of dexterity
HPRegen 1.20/turn    o - ring of Divine Intervention {Will+ rCorr Str+2 Dex+3}
MPRegen 0.15/turn

%: no passive effects
@: studying Axes
A: no striking features
a: Renounce Religion, Evoke Invisibility


You were on level 11 of the Dungeon.
You worshipped Beogh.
Beogh was demanding penance.
You visited 2 branches of the dungeon, and saw 12 of its levels.
You also visited: Ossuary.

You collected 781 gold pieces.
You spent 90 gold pieces at shops.

Inventory:

Hand Weapons
 y - a +0 heavy war axe (weapon)
 A - a +0 arbalest
 U - a +1 war axe
Missiles
 f - 9 atropa-tipped darts
 p - 21 poisoned darts (quivered)
 J - 2 javelins
 O - a throwing net
Armour
 d - an orb of light
 u - a +0 pair of gloves (worn)
 x - a scarf of invisibility (worn)
 z - a +3 leather armour of fire resistance (worn)
 Y - a +0 kite shield (worn)
Jewellery
 k - a +6 ring of dexterity (left hand)
 l - a +6 ring of dexterity
 o - the ring of Divine Intervention (right hand) {Will+ rCorr Str+2 Dex+3}
   (You found it on level 2 of the Dungeon)

   [ring of resist corrosion]

   Str:       It affects your strength (+2).
   Dex:       It affects your dexterity (+3).
   rCorr:     It protects you from acid and corrosion.
   Will:      It increases your willpower.
 B - a ring of willpower
 M - an amulet of the acrobat
 N - an amulet of regeneration (around neck)
 T - a ring of willpower
Wands
 a - a wand of flame (7)
 i - a wand of light (18)
 F - a wand of mindburst (17)
 K - a wand of iceblast (17)
 P - a wand of digging (6)
 V - a wand of charming (10)
Scrolls
 g - 3 scrolls of teleportation
 m - 3 scrolls of blinking
 q - 2 scrolls of vulnerability
 s - 2 scrolls of immolation {unknown}
 C - 4 scrolls of enchant armour
 G - a scroll of fear {unknown}
 H - a scroll of torment {unknown}
 Q - a scroll of enchant weapon {unknown}
 R - a scroll of poison {unknown}
 W - a scroll of acquirement {unknown}
 Z - 3 scrolls of fog
Potions
 b - 3 potions of lignification
 c - 2 potions of ambrosia
 e - 3 potions of heal wounds
 h - 3 potions of mutation
 j - 5 potions of attraction
 n - 4 potions of curing
 r - 4 potions of might
 t - a potion of berserk rage {unknown}
 v - 3 potions of resistance
 w - 2 potions of invisibility
 D - 3 potions of brilliance
 E - 2 potions of cancellation
 I - a potion of magic {unknown}
 L - a potion of haste {unknown}
 X - a potion of enlightenment {unknown}


   Skills:
 + Level 17.4 Fighting
 - Level 16.0 Axes
 - Level 4.0 Armour
 - Level 3.0 Dodging
 - Level 8.0 Shields
 - Level 6.0 Invocations


You had 11 spell levels left.
You didn't know any spells.
Your spell library contained the following spells:

 Spells                   Type           Power      Damage    Failure   Level
 Beastly Appendage        Tmut           0%         N/A       65%         1
 Sandblast                Erth           0%         2d4       65%         1
 Slow                     Hex            0%         N/A       65%         1
 Blink                    Tloc           0%         N/A       80%         2
 Lesser Beckoning         Tloc           0%         N/A       80%         2
 Momentum Strike          Conj/Tloc      0%         3d8       80%         2
 Passwall                 Tmut/Erth      0%         N/A       80%         2
 Wereblood                Tmut           0%         N/A       80%         2
 Confusing Touch          Hex            0%         N/A       95%         3
 Dazzling Flash           Conj/Hex       0%         N/A       95%         3
 Portal Projectile        Hex/Tloc       0%         N/A       95%         3
 Spider Form              Tmut/Pois      0%         N/A       95%         3
 Stone Arrow              Conj/Erth      0%         3d7       95%         3
 Tukima's Dance           Hex            0%         N/A       95%         3
 Vampiric Draining        Necr           0%         2d6       95%         3
 Agony                    Necr           0%         N/A       100%        5
 Blade Hands              Tmut           0%         N/A       100%        5
 Silence                  Hex/Air        0%         N/A       100%        5


Dungeon Overview and Level Annotations

Branches:
Dungeon (11/15)            Temple (1/1) D:7             Orc (0/2) D:10
Ossuary (visited)
   Lair: D:8-11

Altars:
Ashenzari
Cheibriados
Dithmenos
Elyvilon
Fedhas
Gozag
Hepliaklqana
Kikubaaqudgha
Makhleb
Nemelex Xobeh
Okawaru
Qazlal
Ru
Sif Muna
Trog
Uskayaw
Vehumet
Wu Jian
Xom
Yredelemnul
Zin
The Shining One

Shops:
D:2 *   D:5 *[*:   D:11 =

Annotations:
D:5 1 runed translucent door, t4s4d4r's ghost, novice DgCj


Message History

You kill the boulder beetle!
Beogh accepts your kill. Something barely misses you.
Your orc wizard gestures wildly while chanting.
Your orc wizard flickers and vanishes for a moment.
Ortolf unwields a +0 orcbow.
Ortolf wields a +6 spear of venom.
It begins to drip with poison!
Ortolf hits something with a +6 spear of venom!
Something hits you but does no damage.
Ortolf unwields a +6 spear of venom.
It stops dripping with poison.
Ortolf wields a +0 orcbow.
Ortolf shoots an arrow.
Beogh accepts your kill.
You feel a bit more experienced.
Okay, then.
Aiming: Iceblast
Press: ? - help, Shift-Dir - straight line The mass of ice explodes!
The iceblast engulfs something. x2
Something hits you but does no damage.
Something hits Ortolf!
A cyclops comes into view.
Unknown command.
Okay, then.
Aiming: Iceblast
Press: ? - help, Shift-Dir - straight line The mass of ice explodes!
The iceblast engulfs something!
The iceblast engulfs Ortolf!
Ortolf is lightly wounded.
You feel very guilty. "You will pay for your transgression, mortal!"
The iceblast engulfs you!
* * * LOW HITPOINT WARNING * * *
Something hits you!
* * * LOW HITPOINT WARNING * * *
Your orc wizard hits Ortolf but does no damage.
Ortolf unwields a +0 orcbow.
Ortolf wields a +6 spear of venom.
It begins to drip with poison!
Ortolf hits you with a +6 spear of venom!
You die...
Beogh appreciates Ortolf's killing of a heretic priest.

## ### ### ### #### ..
..##.. ..##..#
###.###.#..#####..#.##
!..#[#.#.##...##.#..#
#.###.#@#.#.#.....#.#.##
#.....[oo.†.#..........#
#.#.#†###.#.#.....#.#.##
#C #.#.##...##.#o.# #.
#.#o.#####..#.## ..
..##.......##..[ #B
################ .H #...
.# #...


You could see Ortolf the orc knight (ally target), a cyclops and a friendly orc
wizard (strong, invisible).

Vanquished Creatures
  A hydra (D:11)
  A boulder beetle (D:11)
  A two-headed ogre (D:9)
  2 skeletal warriors (D:11)
  Pikel (D:7)
  A manticore (D:11)
  An ugly thing (D:11)
  2 gargoyles
  3 kobold demonologists
  An efreet (D:11)
  A troll (D:11)
  2 shadows
  5 yaks
  3 wraiths (D:11)
  Eustachio (D:4)
  A steam dragon (D:8)
  A vampire mosquito (D:11)
  A basilisk (D:11)
  Edmund (D:5)
  Menkaure (D:4)
  A water moccasin (D:7)
  An acid dragon (D:11)
  Duvessa (D:6)
  A sky beast (D:7)
  2 ogres
  3 centaurs
  A phantom (D:6)
  2 scorpions
  Blork the orc (D:4)
  A gnoll sergeant (D:7)
  2 necrophages (D:4)
  A water moccasin zombie (D:4)
  15 wights
  3 killer bees (D:9)
  Dowan (D:6)
  A centaur zombie (Ossuary)
  3 hounds
  A human zombie (D:4)
  5 jellies
  3 gnoll boudas
  An orc priest (D:5)
  A sleepcap (D:5)
  3 iguanas
  4 orc wizards
  A scorpion zombie (D:4)
  4 ogre zombies (Ossuary)
  3 hound zombies (D:4)
  8 mummies
  A howler monkey zombie (D:4)
  9 gnolls
  6 adders
  2 white imps
  6 adder zombies (Ossuary)
  2 worms
  5 dart slugs
  10 orcs
  9 endoplasms
  2 giant cockroaches
  4 goblins
  6 hobgoblins
  8 jackals (D:2)
  3 quokkas
  4 ball pythons
  6 bats
  A frilled lizard (D:3)
  A gnoll zombie (Ossuary)
  4 goblin zombies
  2 hobgoblin zombies (Ossuary)
  18 kobolds
  7 kobold zombies (Ossuary)
  5 quokka zombies (Ossuary)
  7 rats
  A rat zombie (Ossuary)
234 creatures vanquished.

Vanquished Creatures (collateral kills)
  A fire dragon (D:11)
  An ice dragon (D:11)
  A centaur warrior (D:11)
  3 boulder beetles (D:11)
  2 two-headed ogres
  An ugly thing (D:11)
  A manticore (D:11)
  A gargoyle (D:11)
  2 kobold demonologists
  A troll (D:11)
  A vampire (D:11)
  A wraith (D:11)
  4 shadows (D:11)
  2 wyverns
  15 yaks
  A basilisk (D:11)
  A warg (D:11)
  2 acid dragons
  An ice beast (D:7)
  2 orc warriors
  A lemure (D:7)
  3 kobold brigands
  A scorpion (D:7)
  2 gnoll sergeants
  3 wights (D:8)
  2 killer bees (D:9)
  An electric eel (D:10)
  2 howler monkeys (D:11)
  2 orc wizards
  A mummy (D:7)
  12 gnolls
  4 orcs
  9 kobolds
  A kobold zombie (D:7)
88 creatures vanquished.

Vanquished Creatures (others)
  2 orc warriors (D:11)
  An orc priest (D:8)
  2 orc wizards (D:11)
  10 orcs
15 creatures vanquished.

Grand Total: 337 creatures vanquished

Notes
Turn   | Place    | Note
-------+----------+-------------------------------------------
     0 | D:1      | Shym the Hill Orc Monk began the quest for the Orb.
     0 | D:1      | Reached XP level 1. HP: 19/19 MP: 1/1
   249 | D:1      | Reached XP level 2. HP: 22/27 MP: 2/2
   281 | D:1      | Reached skill level 4 in Fighting
   736 | D:1      | Reached XP level 3. HP: 34/34 MP: 3/3
  1001 | D:2      | Reached skill level 5 in Axes
  1140 | D:2      | Identified the ring of Divine Intervention {Will+ rCorr
                  | Str+2 Dex+3}
  1227 | D:2      | Found Naboteu's General Store.
  1235 | D:2      | Bought a potion of curing for 30 gold pieces
  1235 | D:2      | Bought a scroll of identify for 20 gold pieces
  1670 | D:2      | Bought a potion of might for 40 gold pieces
  1717 | D:3      | Found an opulent altar of Gozag.
  1800 | D:3      | Reached XP level 4. HP: 37/41 MP: 4/4
  2711 | D:4      | Reached skill level 5 in Fighting
  2772 | D:4      | Noticed Menkaure
  2792 | D:4      | Noticed Blork the orc
  2822 | D:4      | Noticed an ogre
  2826 | D:3      | Killed an ogre
  2827 | D:3      | Reached XP level 5. HP: 50/50 MP: 5/5
  3000 | D:4      | Reached XP level 6. HP: 57/57 MP: 6/6
  3012 | D:4      | Reached skill level 1 in Armour
  3072 | D:4      | Noticed Eustachio
  3088 | D:4      | Killed Eustachio
  3089 | D:4      | Reached skill level 6 in Fighting
  3189 | D:4      | Became a worshipper of Beogh the Brigand
  3189 | D:4      | Reached * piety under Beogh
  3189 | D:4      | Reached ** piety under Beogh
  3203 | D:4      | Killed Blork the orc
  3204 | D:4      | Reached XP level 7. HP: 31/64 MP: 7/7
  3478 | D:4      | Killed Menkaure
  3626 | D:4      | Found a basalt altar of Yredelemnul.
  3630 | D:4      | Reached skill level 7 in Fighting
  3691 | D:4      | Reached XP level 8. HP: 57/72 MP: 8/8
  4057 | D:5      | Entered Level 5 of the Dungeon
  4254 | D:5      | Found Caqej's Self-Improvement Boutique.
  4265 | D:5      | Noticed Edmund
  4268 | D:5      | Killed Edmund
  4269 | D:5      | Reached skill level 8 in Fighting
  4480 | D:5      | Found Hooriy's Assorted Antiques.
  4574 | D:5      | Found Weyxt's Antique Armour Shoppe.
  4672 | D:5      | Found Zosun's General Store.
  4691 | D:5      | Found a runed translucent door.
  4693 | D:5      | Noticed t4s4d4r's ghost (novice DgCj)
  5162 | D:6      | Reached skill level 9 in Fighting
  5191 | D:6      | Reached skill level 10 in Axes
  5194 | D:6      | Reached XP level 9. HP: 40/84 MP: 9/9
  5423 | D:6      | Reached *** piety under Beogh
  5595 | D:6      | Noticed Duvessa
  5595 | D:6      | Noticed Dowan
  5893 | D:6      | Killed Duvessa
  5894 | D:6      | Reached skill level 10 in Fighting
  6061 | D:6      | Killed Dowan
  6624 | D:6      | Reached skill level 1 in Invocations
  7106 | D:7      | Noticed Pikel
  7111 | D:7      | Killed Pikel
  7150 | D:7      | Found a sand-covered staircase.
  7239 | Ossuary  | Entered an ossuary
  7274 | Ossuary  | Reached skill level 11 in Fighting
  7364 | Ossuary  | Reached **** piety under Beogh
  7856 | D:7      | Reached XP level 10. HP: 96/96 MP: 13/13
  7958 | D:7      | Found a staircase to the Ecumenical Temple.
  7969 | Temple   | Entered the Ecumenical Temple
  8179 | D:7      | Reached skill level 5 in Invocations
  8999 | D:8      | Gained Ortolf as an ally
  9008 | D:8      | Reached skill level 1 in Shields
  9095 | D:8      | Reached ***** piety under Beogh
  9424 | D:8      | Reached skill level 12 in Fighting
  9974 | D:9      | Noticed a two-headed ogre
  9981 | D:9      | Killed a two-headed ogre
 10036 | D:9      | Noticed a kobold demonologist
 10042 | D:9      | Killed a kobold demonologist
 10064 | D:9      | Reached skill level 15 in Axes
 10197 | D:9      | Reached XP level 11. HP: 84/105 MP: 15/15
 10203 | D:9      | Reached skill level 5 in Shields
 10538 | D:9      | Found a white marble altar of Elyvilon.
 10820 | D:10     | Entered Level 10 of the Dungeon
 10976 | D:10     | Noticed a two-headed ogre
 11004 | D:10     | Killed a two-headed ogre
 11005 | D:10     | Reached skill level 13 in Fighting
 11190 | D:10     | Found an ornate altar of the Wu Jian Council.
 11211 | D:10     | Found a staircase to the Orcish Mines.
 11223 | D:10     | Noticed a soul eater
 11798 | D:11     | Found Piggyfe's Jewellery Emporium.
 11907 | D:11     | Noticed a two-headed ogre
 11914 | D:11     | Killed a two-headed ogre
 11917 | D:11     | Reached skill level 14 in Fighting
 11918 | D:11     | Gained Hilgar as an ally
 11952 | D:11     | Noticed a green ugly thing
 11954 | D:11     | Noticed a fire dragon
 11955 | D:11     | Noticed a white ugly thing
 11957 | D:11     | Killed a green ugly thing
 11963 | D:11     | Killed a fire dragon
 11964 | D:11     | Killed a white ugly thing
 12019 | D:11     | Noticed a skeletal warrior
 12040 | D:11     | Killed a skeletal warrior
 12041 | D:11     | Reached skill level 15 in Fighting
 12321 | D:11     | Reached XP level 12. HP: 121/121 MP: 16/16
 12490 | D:11     | Killed a centaur warrior
 12494 | D:11     | Noticed an ice dragon
 12496 | D:11     | Killed an ice dragon
 12597 | D:11     | Reached skill level 16 in Fighting
 12914 | D:11     | Noticed a boulder beetle
 12922 | D:11     | Killed a boulder beetle
 12925 | D:11     | Noticed a seven-headed hydra
 12930 | D:11     | Killed a seven-headed hydra
 13071 | D:11     | Noticed a boulder beetle
 13079 | D:11     | Noticed a boulder beetle
 13081 | D:11     | Killed a boulder beetle
 13086 | D:11     | Reached skill level 17 in Fighting
 13087 | D:11     | Noticed a boulder beetle
 13094 | D:11     | Killed a boulder beetle
 13098 | D:11     | HP: 2/125 [boulder beetle (15)]
 13101 | D:11     | Killed a boulder beetle
 13104 | D:11     | Was placed under penance by Beogh
 13104 | D:11     | Mangled by Ortolf the orc knight

Illustrated notes

Levels and vault maps discovered:
D:1:      psy_arrival_basics, layout_loops_ring
D:2:      layout_loops_ring, serial_shops, shop
D:3:      layout_loops_corners, grunt_gozag_breadcrumbs, roderic_lattice_a
D:4:      layout_rooms, lemuel_mausoleum_altar_yredelemnul,
          kennysheep_generic_room_13, uniq_eustachio, uniq_blork_the_orc,
          uniq_menkaure
D:5:      layout_basic, ebering_ghost_reflecting_pool, serial_shops,
          nicolae_shop_hallway_plus, shop, shop, grunt_decor_arrowhead,
          nicolae_shop_self_help, uniq_edmund
D:6:      layout_loops_cross, uniq_duvessa
D:7:      layout_layer_cave, minmay_temple_entry_offerings,
          nicolae_ossuary_entry_giza, uniq_pikel
D:8:      layout_rooms
D:9:      layout_loops_ring, marbit_many_paths
D:10:     cheibrodos_helix_gallery, layout_loops_ring, amcnicky_altar_gilded,
          orc_0_dummy
D:11:     minmay_the_grid_3x3 [minmay_the_grid_odd_star,
          minmay_the_grid_minigrid_small, minmay_the_grid_empty,
          minmay_the_grid_pillar_ring, minmay_the_grid_garden,
          minmay_the_grid_medium_cups, minmay_the_grid_dragon_b,
          minmay_the_grid_slots, minmay_the_grid_prize_trominoes], layout_basic,
          erik_lair_orcish_takeover, serial_shops, shop, elyvilon_altar_5
Temple:   dpeg_three_leaves_temple

Skill      XL: |  1  2  3  4  5  6  7  8  9 10 11 12 |
---------------+-------------------------------------+-----
Fighting       | 4 5 6 7 9 11 12 15 17 | 17.4
Axes           | 5 6 8 10 12 15 16 | 16.0
Dodging        | 3 |  3.0
Armour         | 2 4 |  4.0
Invocations    | 4 6 |  6.0
Shields        | 4 8 |  8.0

Action                     |  1- 3 |  4- 6 |  7- 9 | 10-12 || total
---------------------------+-------+-------+-------+-------++-------
  Melee: Hand axe          |   128 |    35 |       |       ||   163
         War axe           |       |    46 |   206 |   190 ||   442
  Throw: Dart              |       |       |       |     4 ||     4
 Invoke: Convert to Beogh  |       |     1 |       |       ||     1
         Recall Orcish Fol |       |       |     1 |     5 ||     6
         Stop Recall       |       |       |       |     3 ||     3
         Give Item to Name |       |       |       |     1 ||     1
         Smiting           |       |       |       |     8 ||     8
  Evoke: Wand              |       |       |       |     2 ||     2
    Use: Scroll            |     2 |     3 |     8 |     5 ||    18
         Potion            |       |       |     2 |     1 ||     3
   Stab: Distracted        |       |       |     1 |     5 ||     6
 Armour: Robe              |     5 |       |       |       ||     5
         Ring mail         |    24 |    30 |    11 |       ||    65
         Leather armour    |       |       |    33 |    47 ||    80
  Dodge: Dodged            |    75 |    60 |   124 |    91 ||   350
  Block: Kite shield       |       |       |       |   112 ||   112

Table legend: (Time is in decaauts)
 A = Elapsed time spent in this place.
 B = Non-inter-level travel time spent in this place.
 C = Inter-level travel time spent in this place.
 D = Time resting spent in this place.
 E = Time spent auto-exploring this place.
 F = Levels seen in this place.
 G = Mean time per level.
                   A        B        C        D        E       F      G
               +--------+--------+--------+--------+--------+-----+--------+
         Total |  13293 |  12803 |    490 |   3324 |   6092 |  13 | 1022.5 |
       Dungeon |  12781 |  12291 |    490 |   3324 |   5808 |  11 | 1161.9 |
        Temple |     81 |     81 |      0 |      0 |     58 |   1 |   81.0 |
       Ossuary |    430 |    430 |      0 |      0 |    226 |   1 |  430.0 |
               +--------+--------+--------+--------+--------+-----+--------+

Top non-repeatable levels by time:
     D:5: 1531 daAuts
     D:6: 1515 daAuts
    D:11: 1396 daAuts
     D:7: 1346 daAuts
     D:4: 1296 daAuts
     D:3: 1145 daAuts
     D:9: 1033 daAuts
     D:8: 920 daAuts
    D:10: 910 daAuts
     D:1: 877 daAuts
     D:2: 806 daAuts
 Ossuary: 430 daAuts
  Temple: 81 daAuts
